 Dungeon Crawl Stone Soup version 0.22-a0-159-g7ce444f (webtiles) character file.

52 wolfsongas the Cudgeler (level 3, -11/40 HPs)
             Began as a Demonspawn Gladiator on Feb 9, 2018.
             Was a Follower of Trog.
             Killed by divine providence
             ... invoked by an orc priest
              (14 damage)
             ... on level 3 of the Dungeon.
             The game lasted 00:02:50 (1325 turns).

wolfsongas the Cudgeler (Demonspawn Gladiator)      Turns: 1325, Time: 00:02:50

Health: -11/40     AC: 12    Str: 20    XL:     3   Next: 60%
Magic:  3/3        EV:  8    Int:  9    God:    Trog [*.....]
Gold:   104        SH:  0    Dex: 14    Spells: 2/2 levels left

rFire    + . .     SeeInvis .   a - +0 flail
rCold    . . .     Gourm    .   (no shield)
rNeg     . . .     Faith    .   e - +0 chain mail
rPois    .         Spirit   .   c - +0 helmet
rElec    .         Reflect  .   (no cloak)
rCorr    .         Harm     .   j - +2 pair of gloves
MR       .....                  (no boots)
Stlth    ..........             (no amulet)
HPRegen  0.13/turn              (no ring)
MPRegen  0.08/turn              (no ring)

@: berserking (expiring), lethally poisoned (-11 -> -13), very quick
A: fire resistance 1, powered by pain 1
a: Berserk, Burn Spellbooks, Renounce Religion


You were on level 3 of the Dungeon.
You worshipped Trog.
Trog was aware of your devotion.
You were very hungry.

You visited 1 branch of the dungeon, and saw 3 of its levels.

You collected 104 gold pieces.

Inventory:

Hand Weapons
 a - a +0 flail (weapon)
Missiles
 d - 3 throwing nets (quivered)
Armour
 c - a +0 helmet (worn)
 e - a +0 chain mail (worn)
 j - a +2 pair of gloves (worn)
Jewellery
 k - an uncursed amulet of rage
Scrolls
 g - 4 scrolls of teleportation
 m - a scroll of remove curse {unknown}
 p - 2 scrolls of magic mapping
Potions
 h - a potion of curing {unknown}
 l - a potion of brilliance {unknown}
 n - a potion of berserk rage {unknown}
 o - 3 potions of lignification {unknown}
Comestibles
 b - 2 chunks of flesh
 f - 3 rations


   Skills:
 - Level 2.0 Fighting
 * Level 4.2 Maces & Flails
 - Level 1.7 Throwing
 - Level 2.6 Dodging


You had 2 spell levels left.
You didn't know any spells.

Dungeon Overview and Level Annotations

Branches:
Dungeon (3/15)

Altars:
Trog


Innate Abilities, Weirdness & Mutations

Your flesh is heat resistant. (rF+)
You sometimes gain a little power by taking damage.


Message History

The worm bites you but does no damage. The adder closely misses you.
You bludgeon the adder!!
You kill the adder!
Trog accepts your kill.
You feel sick. The goblin hits you.
* * * LOW HITPOINT WARNING * * *
The orc hits you.
* * * LOW HITPOINT WARNING * * *
The leopard gecko bites you but does no damage.
The orc hits you with a mace.
* * * LOW HITPOINT WARNING * * *
The kobold barely misses you.
You hit the orc.
The orc is almost dead.
The orc hits you.
* * * LOW HITPOINT WARNING * * *
The goblin barely misses you.
The orc priest mumbles some strange prayers to Beogh against you.
Beogh smites you!
You die...

#..............#
#.............%#
###....).........#
#.........(......###
#.....<.......?....#
#.........(........##
###........(.........
..............oo......
####.......(.g@o......
...........wlKo....#
...####.#..#..g..o8...
.## #.##...........%
#.###.......8$.. ...
#.#.#.#.o.[.
#.#.#.#.8... ...)
.......


You could see a worm, an orc priest, 5 orcs, a leopard gecko, 2 goblins and a
kobold.

Vanquished Creatures
  An adder (D:3)
  A worm (D:2)
  A dart slug (D:1)
  A leopard gecko (D:1)
  4 bats
  3 giant cockroaches
  7 goblins
  6 hobgoblins
  A ball python (D:3)
  6 kobolds
  2 rats
33 creatures vanquished.

Notes
Turn   | Place    | Note
-------+----------+-------------------------------------------
     0 | D:1      | wolfsongas the Demonspawn Gladiator began the quest for the Orb.
     0 | D:1      | Reached XP level 1. HP: 16/16 MP: 1/1
   295 | D:1      | Reached skill level 3 in Maces & Flails
   320 | D:1      | Gained mutation: Your flesh is heat resistant. (rF+) [demonic ancestry]
   320 | D:1      | Reached XP level 2. HP: 12/22 MP: 2/2
   677 | D:1      | Gained mutation: You sometimes gain a little power by taking damage. [demonic ancestry]
   677 | D:1      | Reached XP level 3. HP: 27/27 MP: 3/3
   976 | D:2      | Found a faded altar of an unknown god.
   988 | D:2      | Reached skill level 4 in Maces & Flails
   991 | D:2      | Became a worshipper of Trog the Wrathful
   991 | D:2      | Reached * piety under Trog
  1325 | D:3      | Killed from afar by an orc priest

Vault maps used:
D:1:      matt_arrival_refuge
D:2:      chequers_ecumenical_altar_simple, minmay_pentomino_z2
D:3:      eat_drink_and_be_merry_uskayaw, first_ration, cheibriados_altar_1

Skill      XL: |  1  2  3 |
---------------+----------+-----
Maces & Flails | 3 4 |  4.2
Fighting       | |  2.0
Throwing       | |  1.7
Dodging        | |  2.6

Action                   || total
-------------------------++-------
Melee: Flail             ||   110
Invok: Berserk           ||     1
  Use: Scroll            ||     4
  Eat: Chunk             ||     1
Armor: Leather armour    ||     9
       Chain mail        ||    76
Dodge: Dodged            ||    84

Table legend:
 A = Spawn XP
 B = Non-spawn XP
 C = Spawn XP percentage of total XP
 D = Spawn monster count
 E = Non-spawn monster count
 F = Spawn count percentage of total count
 G = Total turns spent on level
                    A         B        C        D         E        F      G
               +---------+---------+-------+---------+---------+-------+---------
         Total |       0 |      75 |   0.0 |       0 |      33 |   0.0 |  1325
               +---------+---------+-------+---------+---------+-------+---------
           D:1 |       0 |      43 |   0.0 |       0 |      21 |   0.0 |   819
           D:2 |       0 |      15 |   0.0 |       0 |       8 |   0.0 |   476
           D:3 |       0 |      17 |   0.0 |       0 |       4 |   0.0 |    30
               +---------+---------+-------+---------+---------+-------+---------
